 Dungeon Crawl Stone Soup version 0.31-b1-20-g67cafac56d (webtiles) character file.

Game seed: 18077209712983528514

24314 booth the Severer (level 12, -2/113 HPs)
             Began as a Minotaur Fighter on Jan 16, 2024.
             Was a High Priest of Okawaru.
             Slain by a death yak (3 damage)
             ... while petrified by a catoblepas
             ... on level 3 of the Lair of Beasts on Jan 17, 2024.
             The game lasted 01:22:50 (13908 turns).

booth the Severer (Minotaur Fighter)               Turns: 13908, Time: 01:22:50

Health: -2/113     AC: 17    Str: 26    XL:     12   Next: 79%
Magic:  16/16      EV:  2    Int:  7    God:    Okawaru [*****.]
Gold:   690        SH:  0    Dex: 11    Spells: 11/11 levels left

rFire   . . .        I - +1 war axe (heavy)
rCold   . . .        D - +2 buckler
rNeg    + + +        E - +0 chain mail {rPois}
rPois   ∞            (helmet restricted)
rElec   .            d - +1 cloak
rCorr   .            m - +1 pair of gloves
SInv    .            (no boots)
Will    .....        t - amulet of reflection Stlth
                     n - +4 ring of slaying
HPRegen 0.38/turn    C - ring of Huycvalo {EV+5 Str+3}
MPRegen 0.15/turn

%: reflection
@: petrified
A: horns 2, retaliatory headbutt
a: Renounce Religion, Heroism, Finesse, Duel


You were on level 3 of the Lair of Beasts.
You worshipped Okawaru.
Okawaru was extremely pleased with you.
You visited 3 branches of the dungeon, and saw 15 of its levels.

You collected 757 gold pieces.
You spent 67 gold pieces at shops.

Inventory:

Hand Weapons
 a - a +0 war axe of venom
 q - a +0 battleaxe
 z - a +1 flail of venom
 I - a +1 heavy war axe (weapon)
Missiles
 x - 6 curare-tipped darts
 B - 22 poisoned darts (quivered)
 H - 3 darts of dispersal
Armour
 d - a +1 cloak (worn)
 m - a +1 pair of gloves (worn)
 D - a +2 buckler (worn)
 E - a +0 chain mail of poison resistance (worn)
 G - a +0 kite shield
Jewellery
 j - a +6 ring of dexterity
 n - a +4 ring of slaying (left hand)
 t - an amulet of reflection (around neck)
 C - the ring of Huycvalo (right hand) {EV+5 Str+3}
   (You found it on level 7 of the Dungeon)

   [ring of evasion]

   EV+5:      It affects your evasion (+5).
   Str+3:     It affects your strength (+3).
 F - a ring of resist corrosion
Wands
 i - a wand of charming (18)
 p - a wand of polymorph (21)
 y - a wand of flame (31)
 L - a wand of digging (9)
 M - a wand of mindburst (9)
 N - a wand of roots (4)
Scrolls
 b - 2 scrolls of revelation
 c - 2 scrolls of fog
 f - a scroll of immolation
 g - 2 scrolls of vulnerability
 h - a scroll of torment
 k - a scroll of poison
 l - 2 scrolls of teleportation
 w - a scroll of blinking
 J - a scroll of identify
Potions
 e - 2 potions of brilliance
 r - 3 potions of curing
 s - 2 potions of mutation
 u - 3 potions of lignification
 v - a potion of berserk rage
 A - 2 potions of cancellation
 K - 2 potions of haste {unknown}


   Skills:
 + Level 12.8 Fighting
 + Level 16.0 Axes
 + Level 12.3 Armour
 + Level 6.0 Dodging
 - Level 3.8 Shields
 + Level 7.8 Invocations


You had 11 spell levels left.
You didn't know any spells.
Your spell library contained the following spells:

 Spells                   Type           Power      Damage    Failure   Level
 Apportation              Tloc           0%         N/A       89%         1
 Freeze                   Ice            0%         1d3       89%         1
 Kiss of Death            Conj/Necr      0%         2d5       89%         1
 Slow                     Hex            0%         N/A       89%         1
 Sting                    Conj/Alch      0%         1d3       89%         1
 Blink                    Tloc           0%         N/A       96%         2
 Ensorcelled Hibernation  Hex/Ice        0%         N/A       96%         2
 Jinxbite                 Hex            0%         N/A       96%         2
 Lesser Beckoning         Tloc           0%         N/A       96%         2
 Mercury Vapours          Alch/Air       0%         N/A       96%         2
 Momentum Strike          Conj/Tloc      0%         3d8       96%         2
 Confusing Touch          Hex            0%         N/A       99%         3
 Frozen Ramparts          Ice            0%         1d1       99%         3
 Gell's Gravitas          Tloc           0%         N/A       99%         3
 Hailstorm                Conj/Ice       0%         3d5       99%         3
 Passwall                 Erth           0%         N/A       99%         3
 Sigil of Binding         Hex            0%         N/A       99%         3
 Swiftness                Air            0%         N/A       99%         3
 Teleport Other           Tloc           0%         N/A       99%         3
 Vampiric Draining        Necr           0%         2d6       99%         3
 Dispel Undead            Necr           0%         3d6       100%        4
 Olgreb's Toxic Radiance  Alch           0%         N/A       100%        4
 Alistair's Intoxication  Alch           0%         N/A       100%        5
 Eringya's Noxious Bog    Alch           0%         4d6       100%        6
 Summon Forest            Summ/Tloc      Unusable   N/A       N/A         5
 Summon Hydra             Summ           Unusable   N/A       N/A         7

Dungeon Overview and Level Annotations

Branches:
Dungeon (11/15)            Temple (1/1) D:7            Lair (3/5) D:10
  Swamp (0/4) Lair:2       Spider (0/4) Lair:3
    Orc: D:9-12

Altars:
Ashenzari
Cheibriados
Dithmenos
Elyvilon
Fedhas
Gozag
Hepliaklqana
Kikubaaqudgha
Makhleb
Nemelex Xobeh
Okawaru
Qazlal
Ru
Sif Muna
Trog
Uskayaw
Vehumet
Wu Jian
Xom
Yredelemnul
Zin
The Shining One

Shops:
D:5 :   D:8 (

Annotations:
D:4 Natasha
D:5 3 runed translucent doors, occam's ghost, novice TrSh
D:6 Jeremiah
D:7 4 runed translucent doors
Temple 4 transporters


Innate Abilities, Weirdness & Mutations

You have a pair of horns on your head.
You reflexively headbutt those who attack you in melee.


Message History

The catoblepas completely misses you.
The death yak is engulfed in calcifying dust.
You have turned to stone.
The yak gores you!
The death yak gores you but does no damage.
The yak gores you. The catoblepas gores you!!
The death yak is engulfed in calcifying dust.
The yak gores you! The death yak gores you.
The yak gores you but does no damage.
The catoblepas gores you but does no damage.
The yak gores you!
* * * LOW HITPOINT WARNING * * *
The death yak gores you but does no damage.
The yak gores you but does no damage.
The catoblepas breathes a plume of calcifying dust at you.
The blast of calcifying dust hits you but does no damage.
The blast of calcifying dust hits the yak.
You are engulfed in calcifying dust.
The yak is engulfed in calcifying dust.
The yak stops moving altogether!
The death yak gores you!
* * * LOW HITPOINT WARNING * * *
The yak gores you. The catoblepas gores you!
* * * LOW HITPOINT WARNING * * *
You are engulfed in calcifying dust.
The yak is engulfed in calcifying dust.
The death yak gores you but does no damage.
The yak gores you!
* * * LOW HITPOINT WARNING * * *
The catoblepas gores you but does no damage.
You are engulfed in calcifying dust.
The yak is engulfed in calcifying dust.
The death yak gores you but does no damage.
The yak gores you.
* * * LOW HITPOINT WARNING * * *
The catoblepas gores you!
* * * LOW HITPOINT WARNING * * *
You are engulfed in calcifying dust.
The yak is engulfed in calcifying dust.
The death yak gores you but does no damage.
The yak gores you but does no damage. The catoblepas gores you!!
* * * LOW HITPOINT WARNING * * *
You are engulfed in calcifying dust.
The yak is engulfed in calcifying dust.
The death yak gores you!
You die...

...+.#.8.#.+...8 . ....
#.......... ...... .
##...#.......... .....# .
..###.....###... ......# .
.#..###'### ######.....##. .
....#....##.#####.......... .
....#.....#................ .
>....8.>.8#.....YY......... .
..........#.....@YY........ .
.....#.8.##.....YYY..?..... .
.....###.#########......... .
.#.##.....## ####.......... .
##..#......#####.##......._..
.
...............†##P..........
.................##.........Y
.###......P.#...###..........
..P#P.........#.# #..........


You could see 3 death yaks, a catoblepas and 3 yaks.

Vanquished Creatures
  3 death yaks (Lair:3)
  A skyshark (Lair:3)
  Pikel (D:4)
  A lindwurm (Lair:2)
  13 elephants
  2 black mambas (Lair:2)
  A gargoyle (D:10)
  Maggie (D:6)
  6 cane toads
  2 rime drakes
  2 komodo dragons (Lair:2)
  A polar bear (Lair:3)
  3 trolls
  Grinder (D:4)
  9 blink frogs
  4 dream sheep (Lair:3)
  A yak (Lair:3)
  2 wraiths
  4 wyverns
  A basilisk (Lair:3)
  6 vampire mosquitoes (Lair:2)
  2 steam dragons
  An acid dragon (D:10)
  Edmund (D:6)
  6 water moccasins
  Duvessa (D:4)
  2 orc warriors
  A sky beast (D:7)
  2 black bears
  8 ice beasts
  2 ogres
  16 wolves
  2 centaurs
  5 kobold brigands
  9 bullfrogs
  5 scorpions
  A gnoll sergeant (D:7)
  Dowan (D:4)
  5 wights (D:8)
  4 killer bees (D:5)
  A bombardier beetle (D:3)
  4 howler monkeys
  9 hounds
  5 orc priests
  Crazy Yiuf (D:4)
  A jelly (D:4)
  A sleepcap (D:7)
  Ijyb (D:3)
  A gnoll bouda (D:5)
  8 iguanas
  Natasha (twice) (D:4)
  10 orc wizards
  Robin (D:2)
  10 gnolls
  9 adders
  A white imp (D:7)
  2 ufetubi (D:7)
  3 dart slugs
  A ribbon worm (D:4)
  41 orcs
  4 ball pythons
  5 bats
  4 endoplasms
  4 giant cockroaches (D:2)
  14 goblins
  14 hobgoblins
  4 jackals (D:1)
  A quokka (D:4)
  6 frilled lizards
  17 kobolds
  4 rats
328 creatures vanquished.

Vanquished Creatures (others)
  An orc wizard (D:10)
1 creature vanquished.

Grand Total: 329 creatures vanquished

Notes
Turn   | Place    | Note
-------+----------+-------------------------------------------
     0 | D:1      | booth the Minotaur Fighter began the quest for the Orb.
     0 | D:1      | Reached XP level 1. HP: 19/19 MP: 0/0
   171 | D:1      | Reached XP level 2. HP: 24/27 MP: 1/1
   218 | D:1      | Reached skill level 3 in Axes
   569 | D:2      | Reached XP level 3. HP: 32/33 MP: 2/2
   654 | D:2      | Noticed Robin
   658 | D:2      | Reached skill level 4 in Axes
   664 | D:2      | Killed Robin
   665 | D:2      | Reached XP level 4. HP: 33/41 MP: 3/3
  1417 | D:3      | Reached skill level 5 in Fighting
  1417 | D:3      | Reached skill level 5 in Axes
  1417 | D:3      | Reached XP level 5. HP: 48/48 MP: 4/4
  1449 | D:3      | Noticed Ijyb
  1460 | D:3      | Killed Ijyb
  1719 | D:3      | Reached skill level 6 in Axes
  2416 | D:3      | Reached XP level 6. HP: 54/56 MP: 5/5
  2678 | D:4      | Noticed Natasha
  2678 | D:4      | Noticed Pikel
  3009 | D:4      | Killed Pikel
  3010 | D:4      | Reached skill level 8 in Axes
  3010 | D:4      | Reached skill level 5 in Armour
  3010 | D:4      | Reached XP level 7. HP: 24/64 MP: 6/6
  3013 | D:4      | Killed Natasha
  3190 | D:4      | Noticed Natasha
  3193 | D:4      | Killed Natasha
  3563 | D:4      | Noticed Grinder
  3563 | D:4      | Noticed Dowan
  3563 | D:4      | Noticed Duvessa
  3575 | D:4      | Killed Grinder
  3576 | D:4      | Reached skill level 9 in Axes
  3576 | D:4      | Reached XP level 8. HP: 24/73 MP: 7/7
  3598 | D:4      | Killed Duvessa
  3676 | D:4      | Killed Dowan
  3902 | D:4      | Found a runed translucent door.
  3903 | D:4      | Noticed Crazy Yiuf
  4223 | D:4      | Killed Crazy Yiuf
  4282 | D:4      | Noticed Natasha
  4286 | D:5      | Entered Level 5 of the Dungeon
  4306 | D:5      | Reached skill level 10 in Axes
  4565 | D:5      | Found Yloah's Tremendous Tomes.
  4701 | D:5      | Found a runed translucent gate.
  4712 | D:5      | Found a runed translucent gate.
  4712 | D:5      | Identified the +0 leather armour of Insecurity {+Inv MP+9
                  | Stlth+}
  4712 | D:5      | Noticed occam's ghost (novice TrSh)
  4713 | D:5      | Found a runed translucent gate.
  4948 | D:5      | Reached XP level 9. HP: 67/81 MP: 8/8
  5166 | D:5      | Identified the +1 dagger "Cuuqy" {flame, Int+5 SInv}
  5630 | D:6      | Found an iron altar of Okawaru.
  5640 | D:6      | Noticed Jeremiah
  5674 | D:6      | Noticed Maggie
  5674 | D:6      | Noticed Edmund
  5877 | D:6      | Reached skill level 11 in Axes
  6434 | D:6      | Killed Maggie
  6566 | D:6      | Killed Edmund
  6613 | D:6      | Found a snail-covered altar of Cheibriados.
  6968 | D:6      | Became a worshipper of Warmaster Okawaru
  7369 | D:7      | Identified the +0 cloak "Pezicler" {Str-5 Dex+8}
  7379 | D:7      | Found a staircase to the Ecumenical Temple.
  7384 | D:7      | Reached skill level 1 in Invocations
  7392 | D:7      | Reached skill level 12 in Axes
  7397 | Temple   | Found a transporter.
  7397 | Temple   | Found a transporter.
  7397 | Temple   | Found a transporter.
  7397 | Temple   | Found a transporter.
  7397 | Temple   | Entered the Ecumenical Temple
  7514 | D:7      | Found a large runed translucent door.
  7559 | D:7      | Found a large runed translucent door.
  7563 | D:7      | Noticed a gargoyle
  7581 | D:7      | Noticed a troll
  7594 | D:7      | Killed a troll
  7594 | D:7      | Reached * piety under Okawaru
  7699 | D:7      | Noticed a gargoyle
  7707 | D:7      | Found a large runed translucent door.
  7707 | D:7      | Found a large runed translucent door.
  7794 | D:7      | Reached XP level 10. HP: 78/91 MP: 10/10
  7829 | D:7      | Identified the ring of Huycvalo {EV+5 Str+3}
  8022 | D:8      | Found Cyraery's Weapon Shop.
  8147 | D:8      | Reached ** piety under Okawaru
  9050 | D:9      | Reached skill level 13 in Axes
  9141 | D:9      | Found a white marble altar of Elyvilon.
  9495 | D:10     | Entered Level 10 of the Dungeon
  9514 | D:10     | Reached skill level 10 in Fighting
  9600 | D:10     | Noticed a gargoyle
  9604 | D:10     | Killed a gargoyle
  9785 | D:10     | Reached *** piety under Okawaru
 10138 | D:10     | Found a staircase to the Lair.
 10594 | D:11     | Noticed a boulder beetle
 10612 | Lair:1   | Entered Level 1 of the Lair of Beasts
 10612 | Lair:1   | Noticed a cane toad
 10621 | Lair:1   | Reached skill level 14 in Axes
 10635 | Lair:1   | Reached XP level 11. HP: 31/101 MP: 13/13
 10640 | Lair:1   | Reached skill level 10 in Armour
 10640 | Lair:1   | Reached **** piety under Okawaru
 10987 | Lair:1   | Reached skill level 5 in Invocations
 11453 | Lair:2   | Reached skill level 1 in Dodging
 11462 | Lair:2   | Found a staircase to the Swamp.
 11470 | Lair:2   | Reached ***** piety under Okawaru
 11582 | Lair:1   | Upgraded the game from 0.31-b1-18-g61460d1e46 to
                  | 0.31-b1-20-g67cafac56d
 11605 | Lair:2   | Received a gift from Okawaru
 11618 | Lair:2   | Reached skill level 15 in Axes
 11679 | Lair:2   | Noticed a lindwurm
 11688 | Lair:2   | Killed a lindwurm
 12163 | D:8      | Bought 4 curare-tipped darts for 67 gold pieces
 12889 | Lair:3   | Reached XP level 12. HP: 99/112 MP: 15/15
 13062 | Lair:3   | Received a gift from Okawaru
 13383 | Lair:3   | Reached skill level 5 in Dodging
 13661 | Lair:3   | Found a hole to the Spider Nest.
 13740 | Lair:3   | Found a hide-covered altar of Uskayaw.
 13741 | Lair:3   | Noticed a death yak
 13757 | Lair:3   | Killed a death yak
 13814 | Lair:3   | Noticed a death yak
 13814 | Lair:3   | Noticed a death yak
 13817 | Lair:3   | Noticed a death yak
 13838 | Lair:3   | Killed a death yak
 13841 | Lair:3   | Killed a death yak
 13843 | Lair:3   | Reached skill level 16 in Axes
 13881 | Lair:3   | Noticed a catoblepas
 13886 | Lair:3   | Noticed a death yak
 13895 | Lair:3   | Noticed a death yak
 13907 | Lair:3   | HP: 1/113 [catoblepas (9)]
 13908 | Lair:3   | Slain by a death yak

Illustrated notes

Levels and vault maps discovered:
D:1:      saegor_arrival_under_anarchy, layout_basic
D:2:      layout_loops_corners, uniq_robin
D:3:      layout_loops_corners, uniq_ijyb
D:4:      layout_gridville, grunt_ministairs_4, kennysheep_generic_room_3,
          uniq_natasha, uniq_grinder, uniq_crazy_yiuf_cottage, uniq_duvessa,
          uniq_pikel
D:5:      layout_loops_corners, biasface_ghost_orc_armoury, corexii_shack,
          nicolae_shop_i_like_big_books
D:6:      layout_basic, mainiacjoe_overflow_small_starburst,
          mainiacjoe_overflow_alcove_1, uniq_maggie, uniq_edmund, uniq_jeremiah
D:7:      layout_loops_cross, minmay_temple_entry_hall,
          minmay_hollow_rounded_squares
D:8:      layout_gridville, serial_shops, shop_fountains,
          mrwooster_statue_mirror, minmay_misc_feat_more_columns
D:9:      layout_roguey, mainiacjoe_overflow_24_doors
D:10:     layout_basic, hellmonk_lair_entry_icy, dk_noncrumbling_4
D:11:     layout_basic, ebering_ghost_funeral_grove, uniq_harold, uniq_snorg
Temple:   hellmonk_temple_divided_pantheon
Lair:1:   layout_roguey, serial_bayou_shore_b, infiniplex_staircase_pool_2
Lair:2:   layout_misc_corridors, minmay_swamp_entry_swarm, lemuel_fruit_tree
Lair:3:   layout_regular_city, spider_nest_entry_web_field, basic_altar,
          grunt_megastairs_1, lemuel_fruit_fields

Skill      XL: |  1  2  3  4  5  6  7  8  9 10 11 12 |
---------------+-------------------------------------+-----
Fighting       | 4 5 6 7 8 9 10 11 12 | 12.8
Axes           | 3 4 5 6 8 9 10 12 14 15 16 | 16.0
Armour         | 5 7 8 9 11 12 | 12.3
Invocations    | 2 4 6 7 |  7.8
Dodging        | 3 6 |  6.0
Shields        | |  3.8

Action                     |  1- 3 |  4- 6 |  7- 9 | 10-12 || total
---------------------------+-------+-------+-------+-------++-------
  Melee: War axe           |    68 |   118 |   285 |   365 ||   836
         Headbutt          |     4 |    13 |    47 |    86 ||   150
  Throw: Javelin           |       |     4 |     4 |       ||     8
         Boomerang         |       |       |    22 |    22 ||    44
         Dart              |       |       |       |     9 ||     9
 Invoke: Heroism           |       |       |       |     1 ||     1
    Use: Scroll            |     3 |     4 |     7 |    12 ||    26
         Potion            |       |       |     2 |     4 ||     6
 Armour: Scale mail        |    54 |    92 |     9 |       ||   155
         Chain mail        |       |       |   155 |   225 ||   380
  Dodge: Dodged            |    35 |    39 |    66 |   182 ||   322
  Block: Buckler           |    11 |    17 |    71 |   204 ||   303
         Reflection        |       |       |     4 |     5 ||     9
